 Dungeon Crawl Stone Soup version 0.29-a0-993-g4a18f31a58 (webtiles) character file.

Game seed: 2762926856066639170

96 kae the Insei (level 4, -2/35 HPs)
             Began as a Demonspawn Monk on Aug 2, 2022.
             Blown up by Pikel (17 damage)
             ... with a mindburst bolt
             ... on level 4 of the Dungeon.
             The game lasted 00:02:30 (3553 turns).

kae the Insei (Demonspawn Monk)                     Turns: 3553, Time: 00:02:31

Health: -2/35      AC:  8    Str: 12    XL:     4   Next: 41%
Magic:  0/4        EV: 13    Int: 11    God:
Gold:   198        SH:  0    Dex: 17    Spells: 3/3 levels left

rFire   . . .      SeeInvis .   n - +1 long sword (drain)
rCold   . . .      Faith    .   (no shield)
rNeg    . . .      Spirit   +   a - +0 robe
rPois   .          Reflect  .   h - +2 helmet
rElec   .          Harm     .   (no cloak)
rCorr   .          Rampage  .   (no gloves)
Will    .....                   (no boots)
Stlth   ++........              G - amulet of guardian spirit
HPRegen 0.11/turn               (no ring)
MPRegen 0.09/turn               (no ring)

@: no status effects
A: thin metallic scales 2
a: no special abilities


You were on level 4 of the Dungeon.
You visited 1 branch of the dungeon, and saw 4 of its levels.

You collected 198 gold pieces.


Innate Abilities, Weirdness & Mutations

You are mostly covered in thin metallic scales. (AC +3)


   Skills:
 - Level 3.0 Fighting
 - Level 2.6 Dodging
 - Level 1.7 Stealth
 + Level 4.8 Unarmed Combat


You had 3 spell levels left.
You didn't know any spells.
Your spell library contained the following spells:

 Spells                   Type           Power      Damage    Failure   Level
 Inner Flame              Hex/Fire       0%         N/A       71%         3
 Portal Projectile        Hex/Tloc       0%         N/A       71%         3
 Tukima's Dance           Hex            0%         N/A       71%         3
 Cause Fear               Hex            0%         N/A       98%         4
 Blade Hands              Tmut           0%         N/A       100%        5
 Discord                  Hex            0%         N/A       100%        8

Inventory:

Hand Weapons
 n - a +1 long sword of draining (weapon)
   (You found it on level 2 of the Dungeon)
Missiles
 e - 26 stones (quivered)
 g - 4 boomerangs
Armour
 a - a +0 robe (worn)
 h - a +2 helmet (worn)
   (You found it on level 1 of the Dungeon)
Jewellery
 G - an amulet of guardian spirit (around neck)
   (You took it off an orc on level 3 of the Dungeon)
Scrolls
 c - a scroll of enchant armour
 d - 2 scrolls of amnesia {unknown}
 i - a scroll of teleportation {unknown}
 m - 2 scrolls of vulnerability {unknown}
 o - a scroll of blinking {unknown}
 p - a scroll of enchant weapon {unknown}
 s - a scroll of immolation {unknown}
 t - a scroll of magic mapping {unknown}
Potions
 f - 2 potions of brilliance
 k - a potion of flight

Dungeon Overview and Level Annotations

Branches:
Dungeon (4/15) Zot: 20434
 Temple: D:4-7

Altars:

Annotations:
D:4 Pikel

###### .# #....# .
#....# ###.### #...@#
.......####.K..#
#....##...#....##
.....K..........#
#5..............#
...#......รท....#####.#
.............)........#
#..........#.##########
.....###?#.#.........#


You could see Pikel.


Message History

You hit the lemure but do no damage. The lemure hits you but does no damage.
The lemure barely misses you.
You hit the lemure. The lemure hits you but does no damage.
You hit the lemure but do no damage. The lemure barely misses you.
You slash the lemure! The lemure hits you.
The lemure barely misses you. ๐Ÿ˜• HP[-1] MP[-1]
You take 1 damage, and now have 28/35 hp.
You lost 1 mp, and now have 2/4 mp.
You slash the lemure!
You kill the lemure!
That felt strangely unrewarding. ๐Ÿ˜• HP[+1] MP[+1] No target in view!
No target in view!
No target in view!
No target in view!
You start resting. ๐Ÿ˜• HP[+1] MP[+1]
Your mp is fully restored (4).
There is a stone staircase leading down, spattered with blood here.
You start resting. ๐Ÿ˜Ž HP[+5]
Your hp is fully restored (35).
You climb downwards.
Level annotation: Pikel Pikel zaps a wand.
You barely resist.
There is a stone staircase leading up, spattered with blood here.
Pikel zaps a wand.
Your mind is blasted! ๐Ÿ˜ฎ HP[-13] MP[-2]
You take 13 damage, and now have 22/35 hp.
MASSIVE DAMAGE!! (PAUSE)
You lost 2 mp, and now have 2/4 mp.
You closely miss Pikel.
Pikel zaps a wand.
Your mind is blasted!
* * * LOW HITPOINT WARNING * * *
๐Ÿ˜ฑ HP[-17] MP[-2]
You take 17 damage, and now have 5/35 hp.
MASSIVE DAMAGE!! (PAUSE)
You lost 2 mp, and now have 0/4 mp.
Unknown command.
Okay, then.
You are confused.
You feel invigorated.
Pikel hits you with a +2 whip of flaming!
* * * LOW HITPOINT WARNING * * *
Pikel burns you.
* * * LOW HITPOINT WARNING * * *
๐Ÿ˜ฑ HP[-3] MP[+1]
You take 3 damage, and now have 2/35 hp.
Unknown command.
Pikel hits you with a +2 whip of flaming.
* * * LOW HITPOINT WARNING * * *
Pikel burns you. ๐Ÿ˜ฑ HP[+4] MP[+1]
You regained 4 hp, and now have 6/35 hp.
Unknown command.
Pikel hits you with a +2 whip of flaming.
* * * LOW HITPOINT WARNING * * *
Pikel burns you.
* * * LOW HITPOINT WARNING * * *
๐Ÿ˜ฑ HP[-2]
You take 2 damage, and now have 4/35 hp.
Unknown command.
Pikel closely misses you. ๐Ÿ˜จ HP[+5] MP[+2]
You regained 5 hp, and now have 9/35 hp.
Your mp is fully restored (4).
Unknown command.
Pikel hits you with a +2 whip of flaming.
* * * LOW HITPOINT WARNING * * *
Pikel burns you.
* * * LOW HITPOINT WARNING * * *
๐Ÿ˜ฑ HP[-2] MP[-1]
You take 2 damage, and now have 7/35 hp.
You lost 1 mp, and now have 3/4 mp.
Unknown command.
Pikel misses you. ๐Ÿ˜จ HP[+4] MP[+1]
You regained 4 hp, and now have 11/35 hp.
Your mp is fully restored (4).
Unknown command.
Pikel zaps a wand.
Your mind is blasted!
* * * LOW HITPOINT WARNING * * *
๐Ÿ˜จ HP[-1] MP[-2]
You take 1 damage, and now have 10/35 hp.
You lost 2 mp, and now have 2/4 mp.
You feel less invigorated.
You feel less confused.
Pikel zaps a wand.
You barely resist. ๐Ÿ˜จ HP[+5] MP[+2]
You regained 5 hp, and now have 15/35 hp.
Your mp is fully restored (4).
Pikel zaps a wand.
Your mind is blasted!
You die...

Skill      XL: |  1  2  3 |
---------------+----------+-----
Unarmed Combat | 3 4 |  4.8
Fighting       | |  3.0
Dodging        | |  2.6
Stealth        | |  1.7

Action                   |  1- 3 |  4- 6 || total
-------------------------+-------+-------++-------
Melee: Unarmed           |   153 |       ||   153
       Punch             |     3 |       ||     3
       Long sword        |    13 |    40 ||    53
  Use: Scroll            |     4 |       ||     4
       Potion            |       |     5 ||     5
 Stab: Sleeping          |     6 |       ||     6
Armor: Robe              |    47 |    26 ||    73
Dodge: Dodged            |   113 |    41 ||   154

Levels and vault maps discovered:
D:1:      dpeg_arrival_concentric_ovals, layout_basic
D:2:      layout_loops_ring, serial_shops, nicolae_shop_stone,
          kennysheep_generic_room_7
D:3:      layout_basic, overflow_temple_1_default, chequers_serial_rivers_room_a
D:4:      layout_basic, nicolae_uskayaw_suspiria, kiku_gazebo_garden_becter,
          uniq_edmund, uniq_pikel, uniq_natasha, uniq_robin

Notes
Turn   | Place    | Note
-------+----------+-------------------------------------------
     0 | D:1      | kae the Demonspawn Monk began the quest for the Orb.
     0 | D:1      | Reached XP level 1. HP: 18/18 MP: 1/1
     0 | D:1      | magus.rc [v1.11.3]
   173 | D:1      | HP: 2/18 [kobold/+0 short sword (3)]
   178 | D:1      | Reached skill level 3 in Unarmed Combat
   677 | D:1      | Gained mutation: You are partially covered in thin metallic
                  | scales. (AC +2) [demonic ancestry]
   677 | D:1      | Reached XP level 2. HP: 20/24 MP: 2/2
  1581 | D:2      | Gained mutation: You are mostly covered in thin metallic
                  | scales. (AC +3) [demonic ancestry]
  1581 | D:2      | Reached XP level 3. HP: 23/29 MP: 3/3
  1731 | D:2      | Found Seunimmo's Assorted Antiques.
  1932 | D:2      | Reached skill level 4 in Unarmed Combat
  2916 | D:3      | You pick up a book of Weapons and begin reading...
  2916 | D:3      | You add the spells Tukima's Dance, Portal Projectile and
                  | Blade Hands to your library.
  3222 | D:4      | You pick up a book of Hexes and begin reading...
  3222 | D:4      | You add the spells Inner Flame, Cause Fear and Discord to
                  | your library.
  3236 | D:4      | Reached XP level 4. HP: 35/35 MP: 4/4
  3244 | D:4      | Noticed a lemure
  3244 | D:4      | Noticed a lemure
  3246 | D:4      | Noticed a lemure
  3246 | D:4      | Noticed a lemure
  3247 | D:4      | Noticed Pikel
  3276 | D:3      | Killed a lemure
  3285 | D:3      | Killed a lemure
  3292 | D:3      | Killed a lemure
  3484 | D:3      | Killed a lemure
  3543 | D:4      | HP: 5/35 [disintegration (17)]
  3544 | D:4      | HP: 2/35 [Pikel/+2 whip of flaming (1)]
  3553 | D:4      | Blown up by Pikel

Vanquished Creatures
  4 lemures (D:3)
  A hound (D:4)
  A gnoll (D:2)
  A worm (D:2)
  2 dart slugs (D:3)
  An orc (D:3)
  3 bats
  4 endoplasms (D:1)
  2 giant cockroaches (D:1)
  3 goblins
  5 hobgoblins
  4 quokkas
  5 ball pythons
  4 frilled lizards
  7 kobolds
  2 rats
49 creatures vanquished.

Table legend:
 A = Non-vault XP
 B = Vault XP
 C = Vault XP percentage of total XP
 D = Non-vault monster count
 E = Vault monster count
 F = Vault count percentage of total count
                 A         B        C        D         E       F
            +---------+---------+-------+---------+---------+-------
      Total |     119 |      19 |  13.8 |      42 |       3 |   6.7
            +---------+---------+-------+---------+---------+-------
        D:1 |      36 |       0 |   0.0 |      22 |       0 |   0.0
        D:2 |      18 |      19 |  51.4 |       9 |       3 |  25.0
        D:3 |      20 |       0 |   0.0 |       9 |       0 |   0.0
        D:4 |      45 |       0 |   0.0 |       2 |       0 |   0.0
            +---------+---------+-------+---------+---------+-------

Illustrated notes

Table legend:
 A = Kills in this place as a percentage of kills in entire the game.
 B = Kills by you in this place as a percentage of kills by you in the entire game.
 C = Kills by friends in this place as a percentage of kills by friends in the entire game.
 D = Other kills in this place as a percentage of other kills in the entire game.
 E = Experience gained in this place as a percentage of experience gained in the entire game.
 F = Experience gained in this place divided by the number of levels of this place that you have seen.
                   A       B       C       D       E      F
               +-------+-------+-------+-------+-------+----------------------
         Total | 100.0 | 100.0 |   N/A |   N/A | 100.0 |  34.5
       Dungeon | 100.0 | 100.0 |   N/A |   N/A | 100.0 |  34.5
               +-------+-------+-------+-------+-------+----------------------

Table legend: (Time is in decaauts)
 A = Elapsed time spent in this place.
 B = Non-inter-level travel time spent in this place.
 C = Inter-level travel time spent in this place.
 D = Time resting spent in this place.
 E = Time spent auto-exploring this place.
 F = Levels seen in this place.
 G = Mean time per level.
                   A        B        C        D        E       F      G
               +--------+--------+--------+--------+--------+-----+--------+
         Total |   3564 |   3405 |    159 |    615 |   2315 |   4 |  891.0 |
       Dungeon |   3564 |   3405 |    159 |    615 |   2315 |   4 |  891.0 |
               +--------+--------+--------+--------+--------+-----+--------+

Top non-repeatable levels by time:
     D:1: 1489 daAuts
     D:2: 1096 daAuts
     D:3: 913 daAuts
     D:4: 65 daAuts
